 Dungeon Crawl Stone Soup version 0.31.0-12-g77e489cdc1 (webtiles) character file.

Game seed: 2284430351943636595

2 Hrothgar the Sneak (level 1, -6/19 HPs)
             Began as a Draconian Delver on Feb 13, 2024.
             Killed by divine providence
             ... invoked by an orc priest
              (11 damage)
             ... on level 5 of the Dungeon.
             The game lasted 00:00:21 (39 turns).

Hrothgar the Sneak (Draconian Delver)                 Turns: 39, Time: 00:00:22

Health: -6/19      AC:  4    Str: 14    XL:     1   Next: 25%
Magic:  1/1        EV: 12    Int: 10    God:
Gold:   13         SH:  0    Dex: 12    Spells: 0/0 levels left

rFire   . . .        a - +0 hand axe
rCold   . . .        (no shield)
rNeg    . . .        (body armour unavailable)
rPois   .            (helmet restricted)
rElec   .            (no cloak)
rCorr   .            (no gloves)
SInv    .            (no boots)
Will    .....        (no amulet)
Stlth   +++          (no ring)
HPRegen 0.23/turn    (no ring)
MPRegen 0.07/turn

%: no passive effects
@: no status effects
A: AC +4, unfitting armour, cold-blooded
a: no special abilities


You were on level 5 of the Dungeon.
You visited 1 branch of the dungeon, and saw 1 of its levels.

You collected 13 gold pieces.

Inventory:

Hand Weapons
 a - a +0 hand axe (weapon)
Wands
 f - a wand of digging (3)
Scrolls
 b - a scroll of fog
 c - a scroll of revelation
Potions
 e - a potion of haste


   Skills:
 * Level 3.3 Fighting
 * Level 2.0 Axes
 * Level 1.7 Dodging
 * Level 4.5 Stealth


You couldn't memorise any spells.
You didn't know any spells.
Your spell library was empty.

Dungeon Overview and Level Annotations

Branches:
Dungeon (5/15)
 Temple: D:4-7

Altars:

Shops:
D:5 (


Innate Abilities, Weirdness & Mutations

Your plain brown scales are hard. (AC +4)
You cannot fit into any form of body armour.
You are cold-blooded and may be slowed by cold attacks.


Message History

HP restored.
An ufetubus comes into view.
The ufetubus shouts!
An ufetubus comes into view.
You closely miss the ufetubus. The ufetubus hits you.
The ufetubus hits you but does no damage.
The ufetubus misses you. The ufetubus closely misses you.
You barely miss the ufetubus. The ufetubus barely misses you.
The ufetubus closely misses you. x2; The ufetubus hits you.
You closely miss the ufetubus. The ufetubus slips past you!
The ufetubus barely misses you. The ufetubus closely misses you.
The ufetubus misses you. The ufetubus hits you. The ufetubus hits you.
The ufetubus hits you but does no damage.
You miss the ufetubus.
The ufetubus shouts!
The ufetubus hits you.
The ufetubus hits you but does no damage.
An adder comes into view.
The ufetubus hits you. x2
* * * LOW HITPOINT WARNING * * *
The ufetubus barely misses you. The ufetubus closely misses you.
You hear a shout!
The adder hisses angrily.
As you read the scroll of fear, it crumbles to dust.
You assume a fearsome visage.
The ufetubus looks frightened! x2
The adder looks frightened!
You hear a shout! x4
A hobgoblin opens the door.
A hobgoblin comes into view. It is wielding a +0 scythe.
Cornered, the ufetubus turns to fight!
An orc priest comes into view. It is wielding a +2 mace of protection.
The orc priest shouts!
You hear a shout!
An orc comes into view. It is wielding a +0 short sword.
An orc comes into view. It is wielding a +0 falchion.
The orc shouts!
You hear a shout! x3
An orc comes into view. It is wielding a +0 whip.
The orc priest invokes the aid of Beogh against you.
Beogh smites you!
Ouch! That really hurt!
You die...

o. ..# . o.# o.# . ## .#..
#..#o.. #...##...#.
.......... .........#
#....#.#### ## #.@....#
.#.#.#.#.#.##
.#.#.#.#.#.#.# #
.#.#.#.#.#.#.## g#
.#.#.#.#.#.#.#5##'##
.#.#.#.#.#.#.#.#.5..# .#
.#.#.#.#.#.#.#.#g#..5#
#.#.#.#.#.#.#.#.#.#.#.#.##
.#.#.#.#.#.#.#.#.#.#.#.##


You could see an orc priest, 2 ufetubi, 3 orcs and a hobgoblin (wandering).

Vanquished Creatures
  An orc (D:5)
1 creature vanquished.

Notes
Turn   | Place    | Note
-------+----------+-------------------------------------------
     0 | D:5      | Hrothgar the Draconian Delver began the quest for the Orb.
     0 | D:5      | Reached XP level 1. HP: 19/19 MP: 1/1
    38 | D:5      | Noticed an orc priest
    39 | D:5      | Killed from afar by an orc priest

Illustrated notes

Levels and vault maps discovered:
D:5:      layout_basic, mainiacjoe_overflow_chevrons, okawaru_trees_2,
          reono_crystal_passage, minivault_26, nicolae_stop_n_shop_2,
          nicolae_zen_rock_garden, sigmund_army

Action                     || total
---------------------------++-------
  Melee: Hand axe          ||     7
         Tailslap          ||     1
    Use: Scroll            ||     1
   Stab: Sleeping          ||     1
 Armour: Skin              ||    11
  Dodge: Dodged            ||    11
